 Dungeon Crawl Stone Soup version 0.22.0-38-g04b72b8 (webtiles) character file.

25 Marcoleric the Grave Robber (level 2, -8/19 HPs)
             Began as a Demonspawn Necromancer on Aug 29, 2018.
             Killed from afar by Natasha (9 damage)
             ... with a magic dart
             ... on level 2 of the Dungeon.
             The game lasted 00:06:38 (1377 turns).

Marcoleric the Grave Robber (DsNe)                  Turns: 1377, Time: 00:06:39

Health: -8/19      AC:  3    Str:  8    XL:     2   Next: 82%
Magic:  3/5        EV: 12    Int: 18    God:
Gold:   40         SH:  0    Dex: 13    Spells: 3/5 levels left

rFire    + . .     SeeInvis .   e - +0 dagger
rCold    . . .     Gourm    .   (no shield)
rNeg     . . .     Faith    .   a - +0 robe
rPois    .         Spirit   .   (no helmet)
rElec    .         Reflect  .   g - +0 cloak
rCorr    .         Harm     .   (no gloves)
MR       +....                  (no boots)
Stlth    ++........             (no amulet)
HPRegen  0.06/turn              (no ring)
MPRegen  0.09/turn              (no ring)

@: no status effects
A: clever 1, fire resistance 1, magic resistance 1, spiny 1
a: no special abilities


You were on level 2 of the Dungeon.
You were hungry.

You visited 1 branch of the dungeon, and saw 2 of its levels.

You collected 40 gold pieces.

Inventory:

Hand Weapons
 e - a +0 dagger (weapon)
Armour
 a - a +0 robe (worn)
 g - a +0 cloak (worn)
 h - a +0 robe
Scrolls
 b - 3 scrolls of identify
 i - a scroll of remove curse {unknown}
Potions
 d - a potion of curing
 j - a potion of lignification {unknown}
Comestibles
 c - 4 rations
 f - 3 chunks of flesh


   Skills:
 + Level 2.0 Dodging
 + Level 1.9 Stealth
 + Level 2.2 Spellcasting
 + Level 5.0 Necromancy


You had 3 spell levels left.
You knew the following spells:

 Your Spells              Type           Power        Failure   Level  Hunger
a - Pain                  Necr           ###.         2%          1    #......
b - Animate Skeleton      Necr           N/A          2%          1    #......

Your spell library contained the following spells:

 Spells                   Type           Power        Failure   Level  Hunger
 Vampiric Draining        Necr           ###.......   7%          3    ###....
 Regeneration             Chrm/Necr      ##........   19%         3    ###....
 Animate Dead             Necr           N/A          22%         4    #####..


Dungeon Overview and Level Annotations

Branches:
Dungeon (2/15)

Altars:

Annotations:
D:2 Natasha


Innate Abilities, Weirdness & Mutations

You are partially covered in sharp spines.
Your mind is acute. (Int +2)
Your flesh is heat resistant. (rF+)
You are resistant to hostile enchantments. (MR+)


Message History

Natasha writhes in agony!
Your rat skeleton misses Natasha.
Casting: Pain (safe; 2% risk of failure)
Confirm with . or Enter, or press ? or * to list all spells.
Aiming: Pain (safe; 2% risk of failure)
Press: ? - help, Shift-Dir - straight line, f/p - Natasha
Aim: Natasha (moderately wounded, chance to defeat MR: 80%) Natasha barely resists.
Your goblin skeleton hits Natasha but does no damage.
Natasha stares at you and mumbles some strange words.
The magic dart hits you!
* * * LOW HITPOINT WARNING * * *
Your rat skeleton bites Natasha but does no damage.
Your goblin skeleton hits Natasha but does no damage.
Natasha closely misses you.
Your rat skeleton bites Natasha but does no damage.
A hobgoblin comes into view.
Natasha extends her claws.
Natasha casts a spell at you. The magic dart hits you!
You die...

#.##.# #.#... #
#####.#.#. #.
#.......#. .###
###.#.#...
..#.#.....###.
#####.#.#.#.......
#..hZ.[(#.########
#@###.###.# #.#
#Z.)..#
........>####
#.#.####.# #.#.#
#.# . g.# ... ##
#.. ..## #<. ....
##.#


You could see Natasha, a hobgoblin (sleeping) and a friendly rat skeleton.

Vanquished Creatures
  A worm (D:2)
  A dart slug (D:1)
  3 goblins
  3 hobgoblins (D:1)
  3 jackals (D:1)
  4 bats
  A frilled lizard (D:1)
  A kobold (D:1)
  2 rats
19 creatures vanquished.

Vanquished Creatures (collateral kills)
  A ball python (D:1)
  A frilled lizard (D:1)
2 creatures vanquished.

Grand Total: 21 creatures vanquished

Notes
Turn   | Place    | Note
-------+----------+-------------------------------------------
     0 | D:1      | Marcoleric the Demonspawn Necromancer began the quest for the Orb.
     0 | D:1      | Reached XP level 1. HP: 13/13 MP: 3/3
   329 | D:1      | Learned a level 1 spell: Animate Skeleton
   414 | D:1      | Gained mutation: Your flesh is heat resistant. (rF+) [potion of mutation]
   414 | D:1      | Gained mutation: You are resistant to hostile enchantments. (MR+) [potion of mutation]
   414 | D:1      | Gained mutation: Your mind is acute. (Int +2) [potion of mutation]
   853 | D:1      | Gained mutation: You are partially covered in sharp spines. [demonic ancestry]
   853 | D:1      | Reached XP level 2. HP: 19/19 MP: 5/5
  1334 | D:2      | Reached skill level 5 in Necromancy
  1366 | D:2      | Noticed Natasha
  1377 | D:2      | Killed from afar by Natasha

Skill      XL: |  1  2 |
---------------+-------+-----
Dodging        | 2 |  2.0
Necromancy     | 5 |  5.0
Stealth        | |  1.9
Spellcasting   | |  2.2

Action                   || total
-------------------------++-------
Melee: Unarmed           ||     6
       Dagger            ||    20
 Cast: Pain              ||    19
       Animate Skeleton  ||     9
  Use: Potion            ||     3
       Scroll            ||     1
 Stab: Sleeping          ||     1
  Eat: Chunk             ||     1
Armor: Robe              ||     7
Dodge: Dodged            ||    33
